AoeStats
← Koti

African Clearing

510364875Analyzed
3v3 RM · 2d ago on Sep 30, 2026· 45m 36s· 6 players
Game mode
Random Map
Map size
Normal (6 player)
Population
200
Speed
Normal
Resources
Standard
Victory
Conquest
Starting age
Dark Age
Ending age
Imperial Age
RankedLock teamsTeams togetherTeam positionsShared explorationLock speedFull tech treeHidden civsTurbo modeCheats
Victory
Defeat
🇹🇷 Bohemians · Türkiye
1640
+11
🇫🇷 Berbers · France
1636
+11
🇺🇸 Saxons · United States
1373
+42
🇫🇷 Mapuche · France
1569
-17
🇫🇷 Wei · France
1529
-15
🇫🇷 Vietnamese · France
1450
-12
Le_groOumf
12:12 Loom
13:57 Feudal Age
15:36 Double-Bit Axe
18:24 Castle Age
17:50 Fletching
18:04 Padded Archer Armor
21:12 Bodkin Arrow
25:42 Leather Archer Armor
32:40 Bow Saw
34:08 Horse Collar
35:25 Ballistics
36:52 Wheelbarrow
42:24 Imperial Age
40:48 Malon
42:34 Elite Bolas Rider
44:00 Ring Archer Armor
44:42 Chemistry
SoJi
11:35 Loom
13:21 Feudal Age
14:58 Double-Bit Axe
18:25 Castle Age
17:53 Fletching
18:04 Padded Archer Armor
26:59 Sanctity
36:20 Elite Skirmisher
44:15 Bodkin Arrow
PironovskyII
12:06 Feudal Age
11:47 Loom
16:54 Fletching
18:02 Padded Archer Armor
22:09 Horse Collar
22:28 Double-Bit Axe
27:12 Castle Age
28:53 Bow Saw
28:43 Heavy Plow
28:51 Town Watch
29:47 Wheelbarrow
35:14 Scale Barding Armor
42:43 Imperial Age
40:41 Forging
41:09 Bloodlines
41:59 Chain Barding Armor
44:09 Iron Casting
letshavefun
11:01 Feudal Age
11:48 Double-Bit Axe
12:06 Man-at-Arms
14:28 Fletching
14:32 Horse Collar
16:39 Town Watch
16:40 Loom
21:06 Castle Age
19:49 Padded Archer Armor
21:13 Crossbowman
21:50 Bodkin Arrow
22:55 Wheelbarrow
24:56 Bow Saw
26:28 Leather Archer Armor
27:11 Horse Collar
30:24 Ballistics
35:58 Imperial Age
35:36 Hand Cart
35:26 Heavy Plow
36:01 Arbalester
37:04 Bracer
40:06 Chemistry
42:32 Ring Archer Armor
Koti
5:39 Loom
12:49 Feudal Age
17:09 Castle Age
15:17 Double-Bit Axe
16:39 Bloodlines
17:15 Scale Barding Armor
26:17 Bow Saw
27:34 Horse Collar
29:27 Wheelbarrow
36:18 Husbandry
36:40 Chain Barding Armor
36:14 Fletching
36:24 Padded Archer Armor
39:11 Imperial Age
37:41 Kasbah
38:10 Bodkin Arrow
38:11 Gold Mining
39:23 Leather Archer Armor
39:34 Ballistics
39:57 Gold Shaft Mining
39:55 Bracer
41:05 Chemistry
40:46 Ring Archer Armor
40:45 Conscription
43:44 Thumb Ring
44:28 Town Watch
44:29 Elite Camel Archer
LonzoWall
7:18 Loom
11:57 Feudal Age
12:02 Man-at-Arms
15:26 Fletching
16:53 Padded Archer Armor
23:34 Castle Age
22:41 Double-Bit Axe
23:37 Crossbowman
24:13 Bodkin Arrow
25:21 Horse Collar
31:17 Wheelbarrow
30:44 Town Watch
35:08 Ballistics
39:01 Imperial Age
39:22 Leather Archer Armor
40:47 Chemistry
42:21 Bracer
42:39 Arbalester
44:45 Ring Archer Armor
Connection lost

Rejoining the realm…

Still unreachable

The connection could not be restored.

Session expired

The server has moved on; the page needs a fresh start.